 Dungeon Crawl Stone Soup version 0.29-a0-344-ge2f44be95a (webtiles) character file.

Game seed: 14650049833160440140

16 spaghetti the Caller (level 2, -1/22 HPs)
             Began as a Naga Summoner on Apr 21, 2022.
             Was a Follower of Sif Muna.
             Slain by a ball python (2 damage)
             ... on level 1 of the Dungeon.
             The game lasted 00:01:52 (836 turns).

spaghetti the Caller (Naga Summoner)                 Turns: 836, Time: 00:01:53

Health: -1/22      AC:  1    Str: 10    XL:     2   Next: 54%
Magic:  0/5        EV:  9    Int: 13    God:    Sif Muna [*.....]
Gold:   73         SH:  0    Dex: 11    Spells: 4/5 levels left

rFire   . . .      SeeInvis +   f - +0 club {mace}
rCold   . . .      Faith    .   (no shield)
rNeg    . . .      Spirit   +   a - +0 robe
rPois   +          Reflect  .   (no helmet)
rElec   .          Harm     .   (no cloak)
rCorr   .          Rampage  .   (no gloves)
Will    .....                   (no barding)
Stlth   ++........              i - amulet of guardian spirit
HPRegen 0.07/turn               (no ring)
MPRegen 0.09/turn               (no ring)

@: mighty, very slightly contaminated, very slow
A: AC +0, large, see invisible, deformed body, poison resistance, slowness 2,
spit poison 1, naga tail 1, dopey 1
a: Spit Poison, Renounce Religion, Channel Magic


You were on level 1 of the Dungeon.
You worshipped Sif Muna.
Sif Muna was aware of your devotion.
You visited 1 branch of the dungeon, and saw 1 of its levels.

You collected 73 gold pieces.


Innate Abilities, Weirdness & Mutations

Your serpentine skin is tough. (AC +0)
You have supernaturally acute eyesight. (SInv)
Armour fits poorly on your strangely shaped body.
Your system is resistant to poisons. (rPois)
You cover ground very slowly.
You can spit poison.
You have a snake-like lower body.
You are dopey. (Int -2)


   Skills:
 + Level 1.6 Armour
 - Level 1.5 Dodging
 - Level 3.0 Stealth
 - Level 2.0 Spellcasting
 - Level 4.0 Summonings
 * Level 0.1 Invocations


You had 4 spell levels left.
You knew the following spells:

 Your Spells              Type           Power      Damage    Failure   Level
a - Summon Small Mammal   Summ           44%        N/A       4%          1

Your spell library contained the following spells:

 Spells                   Type           Power      Damage    Failure   Level
 Call Imp                 Summ           11%        N/A       8%          2
 Call Canine Familiar     Summ           11%        N/A       14%         3
 Summon Guardian Golem    Hex/Summ       6%         N/A       32%         3
 Summon Lightning Spire   Summ/Air       6%         N/A       73%         4

Inventory:

Hand Weapons
 f - a +0 club (weapon) {mace}
   (You found it on level 1 of the Dungeon)
Missiles
 h - 2 javelins {throwing}
 j - 4 poisoned darts {throwing}
 k - 13 stones {throwing}
Armour
 a - a +0 robe (worn)
Jewellery
 i - an amulet of guardian spirit (around neck)
   (You found it on level 1 of the Dungeon)
Scrolls
 d - a scroll of fog {unknown}
Potions
 b - a potion of magic

Dungeon Overview and Level Annotations

Branches:
Dungeon (1/15)

Altars:
Sif Muna

#####........
#...
#............
#...
#####........
...# ######..#
#... #..# #..=##
#... #...## #..#
#grS## #.>#
#@..####### #...
#...##....# #...
##...####†# #...
#...#....#####...
#...####....##...
#..## #####.##...
#.#####..........
#.###........#[..
#.##.....#...#...


You could see a hobgoblin (ally target), a ball python and a friendly rat
(summoned).


Message History

You lost 1 mp, and now have 4/5 mp.
Casting: Summon Small Mammal (safe; 4% risk of failure)
Confirm with . or Enter, or press ? or * to list all spells.
Your bat hits the ball python. 😎 MP[-1]
You lost 1 mp, and now have 3/5 mp.
You strike the helpless ball python from behind!
You hit the ball python.
You kill the ball python!
Sif Muna accepts your kill.
You see here a ball python corpse.
You swap places.
Your bat disappears in a puff of smoke!
Key pressed, stopping explore.
Your rat disappears in a puff of smoke!
A hobgoblin comes into view.
The hobgoblin shouts!
You hear an angry hiss.
A ball python comes into view.
There are monsters nearby! 😎 MP[+2]
Your mp is fully restored (5).
There are monsters nearby!
A frilled lizard comes into view.
You barely miss the hobgoblin. The hobgoblin hits you.
The hobgoblin closely misses you. 😕 HP[-4] MP[-1]
You take 4 damage, and now have 18/22 hp.
You lost 1 mp, and now have 4/5 mp.
You barely miss the hobgoblin.
The frilled lizard bites you but does no damage.
The hobgoblin hits you. 😕 HP[-1]
You take 1 damage, and now have 17/22 hp.
The ball python hisses angrily.
You hit the hobgoblin. The frilled lizard barely misses you.
The hobgoblin closely misses you.
You hit the hobgoblin but do no damage. The frilled lizard bites you.
The hobgoblin hits you. 😮 HP[-4]
You take 4 damage, and now have 13/22 hp.
You hit the hobgoblin. The frilled lizard bites you.
* * * LOW HITPOINT WARNING * * *
The hobgoblin hits you.
* * * LOW HITPOINT WARNING * * *
The hobgoblin closely misses you.
The frilled lizard closely misses you. 😨 HP[-4]
You take 4 damage, and now have 9/22 hp.
Okay, then.
Casting: Summon Small Mammal (safe; 4% risk of failure)
Confirm with . or Enter, or press ? or * to list all spells.
You miscast Summon Small Mammal.
You are very lightly contaminated with residual magic.
Nothing appears to happen.
The frilled lizard closely misses you. The hobgoblin hits you.
* * * LOW HITPOINT WARNING * * *
😨 HP[-3] MP[-2]
You take 3 damage, and now have 6/22 hp.
You lost 2 mp, and now have 2/5 mp.
Casting: Summon Small Mammal (safe; 4% risk of failure)
Confirm with . or Enter, or press ? or * to list all spells.
The frilled lizard bites you.
* * * LOW HITPOINT WARNING * * *
The hobgoblin hits you.
* * * LOW HITPOINT WARNING * * *
😱 HP[-5] MP[-1]
You take 5 damage, and now have 1/22 hp.
MASSIVE DAMAGE!! (PAUSE)
You lost 1 mp, and now have 1/5 mp.
Okay, then.
It was a potion of curing.
You feel better.
The ball python bites you but does no damage.
The hobgoblin hits you.
* * * LOW HITPOINT WARNING * * *
The frilled lizard closely misses you. 😨 HP[+9]
You regained 9 hp, and now have 10/22 hp.
It was a potion of mutation.
You feel extremely strange.
You feel stupid. The ball python bites you.
* * * LOW HITPOINT WARNING * * *
The hobgoblin barely misses you. The frilled lizard bites you.
* * * LOW HITPOINT WARNING * * *
Your rat bites the frilled lizard.
The frilled lizard dies!
Sif Muna accepts your kill. 😨 HP[-4]
You take 4 damage, and now have 6/22 hp.
It was a potion of might.
You feel very mighty all of a sudden.
The ball python bites you but does no damage.
The hobgoblin hits you.
* * * LOW HITPOINT WARNING * * *
The ball python bites you.
* * * LOW HITPOINT WARNING * * *
😱 HP[-5] MP[-1]
You take 5 damage, and now have 1/22 hp.
MASSIVE DAMAGE!! (PAUSE)
You lost 1 mp, and now have 0/5 mp.
You barely miss the hobgoblin. The ball python bites you.
You die...

Skill      XL: |  1 |
---------------+----+-----
Armour         | 1 |  1.6
Dodging        | |  1.5
Stealth        | |  3.0
Spellcasting   | |  2.0
Summonings     | |  4.0
Invocations    | |  0.1

Action                   || total
-------------------------++-------
Melee: Unarmed           ||     9
       Club              ||    10
 Cast: Summon Small Mamm ||    13
 Abil: Spit Poison       ||     5
  Use: Potion            ||     3
 Stab: Distracted        ||     1
Armor: Robe              ||     4
Dodge: Dodged            ||    12

Levels and vault maps discovered:
D:1:      minmay_arrival_radiant_lines, layout_basic,
          hellmonk_ecumenical_altar_heavens_door, serial_curves, eino_curves_04,
          eino_curves_02, chequers_serial_rivers_micro_c

Notes
Turn   | Place    | Note
-------+----------+-------------------------------------------
     0 | D:1      | spaghetti the Naga Summoner began the quest for the Orb.
     0 | D:1      | Reached XP level 1. HP: 15/15 MP: 3/3
     0 | D:1      | magus.rc [v1.9.6]
    29 | D:1      | HP: 2/15 [frozen (3)]
   306 | D:1      | Reached skill level 1 in Armour
   345 | D:1      | Reached XP level 2. HP: 22/22 MP: 1/5
   608 | D:1      | Found a faded altar of an unknown god.
   637 | D:1      | Prayed at the altar of an unknown god.
   637 | D:1      | Became a worshipper of Sif Muna the Loreminder
   637 | D:1      | Reached * piety under Sif Muna
   832 | D:1      | HP: 5/22 [frilled lizard (1)]
   832 | D:1      | HP: 1/22 [hobgoblin (4)]
   834 | D:1      | Gained mutation: You are dopey. (Int -2) [potion of
                  | mutation]
   836 | D:1      | Slain by a ball python

Vanquished Creatures
  A dart slug (D:1)
  A bat (D:1)
  An endoplasm (D:1)
  A giant cockroach (D:1)
  A hobgoblin (D:1)
  A ball python (D:1)
  A rat (D:1)
7 creatures vanquished.

Vanquished Creatures (collateral kills)
  2 endoplasms (D:1)
  A giant cockroach (D:1)
  A hobgoblin (D:1)
  A frilled lizard (D:1)
5 creatures vanquished.

Grand Total: 12 creatures vanquished

Table legend:
 A = Non-vault XP
 B = Vault XP
 C = Vault XP percentage of total XP
 D = Non-vault monster count
 E = Vault monster count
 F = Vault count percentage of total count
                 A         B        C        D         E       F
            +---------+---------+-------+---------+---------+-------
      Total |      23 |       0 |   0.0 |      12 |       0 |   0.0
            +---------+---------+-------+---------+---------+-------
        D:1 |      23 |       0 |   0.0 |      12 |       0 |   0.0
            +---------+---------+-------+---------+---------+-------

Illustrated notes

Table legend:
 A = Kills in this place as a percentage of kills in entire the game.
 B = Kills by you in this place as a percentage of kills by you in the entire game.
 C = Kills by friends in this place as a percentage of kills by friends in the entire game.
 D = Other kills in this place as a percentage of other kills in the entire game.
 E = Experience gained in this place as a percentage of experience gained in the entire game.
 F = Experience gained in this place divided by the number of levels of this place that you have seen.
                   A       B       C       D       E      F
               +-------+-------+-------+-------+-------+----------------------
         Total | 100.0 | 100.0 | 100.0 |   N/A | 100.0 |  23.0
       Dungeon | 100.0 | 100.0 | 100.0 |   N/A | 100.0 |  23.0
               +-------+-------+-------+-------+-------+----------------------

Table legend: (Time is in decaauts)
 A = Elapsed time spent in this place.
 B = Non-inter-level travel time spent in this place.
 C = Inter-level travel time spent in this place.
 D = Time resting spent in this place.
 E = Time spent auto-exploring this place.
 F = Levels seen in this place.
 G = Mean time per level.
                   A        B        C        D        E       F      G
               +--------+--------+--------+--------+--------+-----+--------+
         Total |    962 |    962 |      0 |    322 |    488 |   1 |  962.0 |
       Dungeon |    962 |    962 |      0 |    322 |    488 |   1 |  962.0 |
               +--------+--------+--------+--------+--------+-----+--------+

Top non-repeatable levels by time:
     D:1: 962 daAuts
